 Dungeon Crawl Stone Soup version 0.28-a0-1510-gd0f6b136d3 (webtiles) character file.

Game seed: 1323233933816397235

33 Firecrotchwizard the Sneak (level 3, 0/18 HPs)
             Began as a Vine Stalker Brigand on Jan 14, 2022.
             Succumbed to an adder's poison
             ... on level 2 of the Dungeon.
             The game lasted 00:02:20 (771 turns).

Firecrotchwizard the Sneak (Vine Stalker Brigand)    Turns: 771, Time: 00:02:20

Health: 0/18       AC:  6    Str: 15    XL:     3   Next: 29%
Magic:  2/4        EV: 10    Int: 11    God:
Gold:   60         SH:  0    Dex: 15    Spells: 2/2 levels left

rFire   . . .      SeeInvis .   h - +1 short sword (flame)
rCold   . . .      Faith    .   (no shield)
rNeg    . . .      Spirit   +   j - +0 ring mail
rPois   .          Reflect  .   (no helmet)
rElec   .          Harm     .   c - +0 cloak
rCorr   .          Rampage  .   (no gloves)
Will    .....                   (no boots)
Stlth   ++........              (no amulet)
HPRegen 0.06/turn               (no ring)
MPRegen 0.09/turn               (no ring)

@: mighty, lethally poisoned (0 -> -5), invisible
A: fangs 2, magic shield, antimagic bite, no potion heal 2
a: no special abilities


You were on level 2 of the Dungeon.
You visited 1 branch of the dungeon, and saw 2 of its levels.

You collected 60 gold pieces.

Inventory:

Hand Weapons
 a - a +2 dagger
 h - a +1 short sword of flaming (weapon)
   (You took it off a kobold on level 1 of the Dungeon)
Missiles
 d - 8 poisoned darts
 e - 2 curare-tipped darts
 s - 6 stones (quivered)
Armour
 b - a +0 robe
 c - a +0 cloak (worn)
 g - a +0 chain mail
   (You found it on level 1 of the Dungeon)
 j - a +0 ring mail (worn)
   (You found it on level 1 of the Dungeon)
Scrolls
 k - 2 scrolls of identify {unknown}
Potions
 I - a potion of invisibility


   Skills:
 + Level 2.3 Fighting
 * Level 2.9 Short Blades
 - Level 1.7 Throwing
 - Level 0.7 Dodging
 - Level 4.8 Stealth


You had 2 spell levels left.
You didn't know any spells.
Your spell library contained the following spells:

 Spells                   Type           Power      Damage    Failure   Level
 Gell's Gravitas          Tloc           0%         N/A       91%         3
 Teleport Other           Tloc           0%         N/A       91%         3
 Dispersal                Tloc           0%         N/A       100%        6


Dungeon Overview and Level Annotations

Branches:
Dungeon (2/15)

Altars:


Innate Abilities, Weirdness & Mutations

You have extremely sharp teeth.
When hurt, damage is shared between your health and your magic reserves.
Your bite disrupts and absorbs the magic of your enemies.
Potions cannot restore your health.


Message History

No target in view!
s - a stone A rat comes into view.
You see here a stone.
Health restored: 15 A rat is nearby!
You throw a stone. The stone hits the rat.
You see here a stone.
You hit the rat. You burn the rat.
You kill the rat!
No target in view!
No target in view!
s - a stone
s - 2 stones (gained 1)
s - 3 stones (gained 1)
s - 4 stones (gained 1)
Found an escape hatch in the ceiling.
An endoplasm comes into view.
You throw a stone. The stone hits the endoplasm.
The endoplasm quivers.
No target in view!
No target in view!
No target in view!
A bat comes into view.
The bat hits you but does no damage.
You hit the bat but do no damage. Your bite misses the bat.
The bat hits you but does no damage.
You throw a stone. The stone misses the bat.
The bat hits you but does no damage.
You throw a stone. The stone closely misses the bat.
The bat barely misses you.
You hit the bat. You burn the bat. You punch the bat, but do no damage.
The bat closely misses you.
You hit the endoplasm. You burn the endoplasm.
You kill the endoplasm!
The bat barely misses you.
You closely miss the bat. You bite the bat, but do no damage.
The bat hits you but does no damage.
You throw a stone. The stone closely misses the bat.
The bat closely misses you. The bat barely misses you.
You closely miss the bat. You bite the bat. You drain its power.
The bat hits you but does no damage. The bat misses you.
You hit the bat. You burn the bat.
You kill the bat!
No target in view!
No target in view!
s - a stone
s - 3 stones (gained 2)
s - 4 stones (gained 1)
Found a glowing whip.
A kobold comes into view. It is wielding a +0 short sword.
You throw a stone. The stone hits the kobold.
You kill the kobold!
You have reached level 3!
Your experience leads to an increase in your attributes!
Increase (s)trength, (i)ntelligence, or (d)exterity?
You feel stronger. x2
Health restored: 18; MP restored: 4
s - 7 stones (gained 4)
You see here a +0 short sword.
An adder comes into view.
You throw a stone. The stone hits the adder.
The adder barely misses you.
You completely miss the adder. Your bite misses the adder.
The adder barely misses you.
You hit the adder but do no damage. You bite the adder, but do no damage.
The adder bites you.
You are poisoned.
The adder poisons you!
You take 2 damage, and have 16/18 hp.
You now have 3/4 mp.
You hit the adder but do no damage.
You feel sick. The adder bites you.
You take 4 damage, and have 12/18 hp.
MASSIVE DAMAGE!!
You hit the adder. You burn the adder.
You feel sick. The adder bites you. The adder closely misses you.
You take 2 damage, and have 10/18 hp.
You now have 2/4 mp.
You closely miss the adder.
You feel sick. The adder closely misses you.
You take 1 damage, and have 9/18 hp.
You closely miss the adder. Your bite misses the adder.
You feel sick. The adder bites you but does no damage.
You take 1 damage, and have 8/18 hp.
You hit the adder. You burn the adder. Your bite misses the adder.
You feel sick. The adder bites you.
* * * LOW HITPOINT WARNING * * *
You are lethally poisoned!
The adder poisons you!
You take 4 damage, and have 4/18 hp.
MASSIVE DAMAGE!!
You miss the adder. You bite the adder.
You kill the adder!
* * * LOW HITPOINT WARNING * * *
You feel sick.
You take 1 damage, and have 3/18 hp.
It was a potion of invisibility.
You fade into invisibility!
I - a potion of invisibility
* * * LOW HITPOINT WARNING * * *
You feel sick.
You take 2 damage, and have 1/18 hp.
It was a potion of might.
You feel very mighty all of a sudden.
You die...

##### #...# .# #.#####
#...##### . .. ...#
#........$ #.#.
#.####...#####.
.###.#.###............#
?......................
.##..#(###..).........#
.......###.####...#####
.......@...# #......
#.#.##.##### #...### #.
#...# #. ##.## #. .# ..
##


There were no monsters in sight!

Vanquished Creatures
  An adder (D:2)
  A dart slug (D:1)
  2 ball pythons (D:1)
  A bat (D:2)
  4 endoplasms
  A goblin (D:1)
  2 hobgoblins (D:1)
  A frilled lizard (D:1)
  4 kobolds
  4 rats
21 creatures vanquished.

Notes
Turn   | Place    | Note
-------+----------+-------------------------------------------
     0 | D:1      | Firecrotchwizard the Vine Stalker Brigand began the quest
                  | for the Orb.
     0 | D:1      | Reached XP level 1. HP: 11/11 MP: 2/2
    51 | D:1      | Reached skill level 2 in Short Blades
   104 | D:1      | Reached skill level 2 in Fighting
   104 | D:1      | Reached XP level 2. HP: 15/15 MP: 3/3
   170 | D:1      | Found a faded altar of an unknown god.
   747 | D:2      | Reached XP level 3. HP: 18/18 MP: 4/4
   768 | D:2      | HP: 4/18 [adder (3)]
   770 | D:2      | HP: 1/18 [poisoned by an adder]
   771 | D:2      | Succumbed to an adder's poison

Illustrated notes

Levels and vault maps discovered:
D:1:      lightli_arrival_maybe_door_vault, layout_rooms,
          ebering_ecumenical_altar_box, roderic_roman_lattice,
          kennysheep_nondescript
D:2:      layout_loops_cross, basic_altar, lemuel_old_faithful

Skill      XL: |  1 |
---------------+----+-----
Short Blades   | 2 |  2.9
Fighting       | 2 |  2.3
Throwing       | |  1.7
Dodging        | |  0.7
Stealth        | |  4.8

Action                   || total
-------------------------++-------
Melee: Dagger            ||    12
       Bite              ||     8
       Short sword       ||    28
       Punch             ||     1
Throw: Stone             ||    15
  Use: Potion            ||     2
 Stab: Sleeping          ||     4
Armor: Robe              ||     1
       Ring mail         ||     9
Dodge: Dodged            ||    20

Table legend: (Time is in decaauts)
 A = Elapsed time spent in this place.
 B = Non-inter-level travel time spent in this place.
 C = Inter-level travel time spent in this place.
 D = Time resting spent in this place.
 E = Time spent auto-exploring this place.
 F = Levels seen in this place.
 G = Mean time per level.
                   A        B        C        D        E       F      G
               +--------+--------+--------+--------+--------+-----+--------+
         Total |    768 |    741 |     27 |      0 |    585 |   2 |  384.0 |
       Dungeon |    768 |    741 |     27 |      0 |    585 |   2 |  384.0 |
               +--------+--------+--------+--------+--------+-----+--------+

Top non-repeatable levels by time:
     D:1: 631 daAuts
     D:2: 136 daAuts

Table legend:
 A = Kills in this place as a percentage of kills in entire the game.
 B = Kills by you in this place as a percentage of kills by you in the entire game.
 C = Kills by friends in this place as a percentage of kills by friends in the entire game.
 D = Other kills in this place as a percentage of other kills in the entire game.
 E = Experience gained in this place as a percentage of experience gained in the entire game.
 F = Experience gained in this place divided by the number of levels of this place that you have seen.
                   A       B       C       D       E      F
               +-------+-------+-------+-------+-------+----------------------
         Total | 100.0 | 100.0 |   N/A |   N/A | 100.0 |  24.0
       Dungeon | 100.0 | 100.0 |   N/A |   N/A | 100.0 |  24.0
               +-------+-------+-------+-------+-------+----------------------
